 Dungeon Crawl Stone Soup version 0.18.1-5-g4a78601 (webtiles) character file.

9247 imganon the Severer (level 11, -2/112 HPs)
             Began as a Demonspawn Berserker on May 12, 2016.
             Was a High Priest of Trog.
             Slain by a slime creature (9 damage)
             ... on level 15 of the Dungeon.
             The game lasted 00:18:04 (9598 turns).

imganon the Severer (Demonspawn Berserker)          Turns: 9598, Time: 00:18:05

Health: -2/112     AC: 14    Str: 25    XL:     11   Next: 20%
Magic:  11/11      EV: 11    Int:  9    God:    Trog [*****.]
Gold:   392        SH:  0    Dex: 13    Spells: 0 memorised, 10 levels left

rFire  . . .     SeeInvis .     F - +3 battleaxe (freeze)
rCold  . . .     Gourm    .     l - +0 ring mail
rNeg   . . .     Faith    +     (shield currently unavailable)
rPois  .         Spirit   .     y - +0 helmet
rElec  +         Dismiss  .     J - +0 cloak
rCorr  .         Reflect  .     (no gloves)
SustAt .         Harm     .     i - +0 pair of boots
MR     +....                    p - amulet of faith
Stlth  ..........               E - +2 ring of protection
                                e - ring of protection from magic

@: berserking, very quick, somewhat resistant to hostile enchantments, extremely
unstealthy
A: talons 1, thin metallic scales 3, powered by death 1
a: Berserk, Trog's Hand, Brothers in Arms, Burn Spellbooks, Renounce Religion


You were on level 15 of the Dungeon.
You worshipped Trog.
Trog was extremely pleased with you.
You were hungry.

You visited 2 branches of the dungeon, and saw 14 of its levels.

You collected 470 gold pieces.
You spent 78 gold pieces at shops.

Inventory:

Hand Weapons
 F - a +3 battleaxe of freezing (weapon)
 M - the +7 hand axe of Doashripu {elec, rPois}
   (You found it on level 8 of the Dungeon)

   Occasionally, upon striking a foe, it will discharge some electrical energy
   and cause terrible harm.
   It protects you from poison.
Armour
 i - a +0 pair of boots (worn)
 l - a +0 ring mail (worn)
 y - a +0 helmet (worn)
 J - a +0 cloak (worn)
Jewellery
 e - a ring of protection from magic (left hand)
 h - an uncursed amulet of guardian spirit
 p - an amulet of faith (around neck)
 q - an uncursed ring of resist corrosion
 D - an uncursed ring of protection from magic
 E - a +2 ring of protection (right hand)
 I - an uncursed amulet of harm {unknown}
Wands
 a - a wand of random effects (26/48)
 g - a wand of iceblast (12/15)
 Q - a wand of teleportation (3/9)
 S - a wand of teleportation (7/9)
Scrolls
 b - 3 scrolls of recharging {unknown}
 f - 15 scrolls of identify
 m - 2 scrolls of magic mapping {unknown}
 n - 7 scrolls of remove curse {unknown}
 o - 2 scrolls of random uselessness {unknown}
 u - a scroll of immolation {unknown}
 v - 6 scrolls of teleportation
 w - a scroll of amnesia {unknown}
 A - 2 scrolls of fog {unknown}
 B - a scroll of enchant armour {unknown}
 R - a scroll of summoning {unknown}
 T - a scroll of vulnerability {unknown}
 U - 2 scrolls of enchant weapon {unknown}
Potions
 j - a potion of cancellation
 k - 7 potions of curing
 s - a potion of invisibility {unknown}
 t - 2 potions of resistance {unknown}
 x - a potion of ambrosia {unknown}
 z - 4 potions of flight {unknown}
 C - a potion of degeneration {unknown}
 G - a potion of lignification {unknown}
 H - a potion of agility
 K - 2 potions of heal wounds {unknown}
 O - a potion of mutation {unknown}
Books
 P - a book of Death

   Spells                             Type                      Level
   a - Corpse Rot                     Necromancy                   2
   b - Sublimation of Blood           Necromancy                   2
   c - Agony                          Necromancy                   5
   d - Dispel Undead                  Necromancy                   5
   e - Excruciating Wounds            Charms/Necromancy            5
   f - Bolt of Draining               Conjuration/Necromancy       5
   Trog disapproves of the use of such an item.
Comestibles
 c - 2 bread rations
 d - 5 meat rations
 r - 10 royal jellies
 L - a beef jerky
 N - 8 chunks of flesh


   Skills:
 - Level 3.0 Fighting
 + Level 15.4 Axes
 - Level 1.7 Armour
 - Level 1.7 Dodging


You had 10 spell levels left.
You didn't know any spells.

Dungeon Overview and Level Annotations

Branches:
Dungeon (13/15)            Temple (0/1) D:7            Lair (1/8) D:9
    Orc: D:9-12      Vaults: D:13-14

Altars:
Ashenzari
Cheibriados
Dithmenos
Fedhas
Gozag
Makhleb
Pakellas
Sif Muna
Trog
Xom
Jiyva

Shops:
D:7 (*


Innate Abilities, Weirdness & Mutations

You have sharp toenails.
You are completely covered in thin metallic scales (AC +4, rElec).
You regenerate a little health from kills.


Message History

You slash the slime creature! You freeze the slime creature.
The slime creature is almost dead.
The slime creature barely misses you. The slime creature hits you.
* * * LOW HITPOINT WARNING * * *
Unknown command.
Unknown command.
You slash the slime creature! You freeze the slime creature.
You kill the slime creature!
Trog accepts your kill.
Your ring mail prevents you from hitting the slime creature.
The slime creature is almost dead.
Unknown command.
You barely miss the slime creature.
The slime creature is almost dead.
The slime creature closely misses you.
Unknown command.
You barely miss the slime creature.
The slime creature is almost dead.
The slime creature hits you!
You die...

###+## #....#
#....# #....#
#..(.# .#
#....# ...#
#....###+#....#
#......@.<....#
#......J......#
#...####......#
#...# .......
#...# #######
.....# ......#
......


You could see a slime creature.

Vanquished Creatures
  A catoblepas (D:13)
  An ugly thing (D:13)
  Joseph (D:7)
  2 gargoyles (D:13)
  3 slime creatures (D:15)
  A shadow (D:8)
  5 yaks (D:13)
  A wyvern (D:9)
  2 hippogriffs (D:7)
  Grum (D:8)
  2 vampire mosquitoes (D:13)
  2 wargs (D:9)
  A water moccasin (D:4)
  A porcupine (D:10)
  5 orc warriors
  2 sky beasts
  An ice beast (D:8)
  3 phantoms (D:4)
  A necrophage (D:8)
  A wasp (D:9)
  3 ogres
  2 eyes of draining (D:13)
  4 wolves
  3 centaurs
  A big kobold (D:7)
  2 giant frogs
  A wyvern skeleton (D:9)
  2 scorpions
  8 wights
  3 crimson imps
  6 howler monkeys
  3 jellies (D:8)
  A centaur zombie (D:7)
  2 hounds
  2 centaur skeletons
  Crazy Yiuf (D:7)
  4 orc priests
  A giant frog skeleton (D:4)
  9 orc wizards
  5 iguanas
  6 worker ants
  A worker ant zombie (D:6)
  A howler monkey zombie (D:6)
  8 adders
  6 oozes
  An adder skeleton (D:8)
  2 worms
  A dart slug (D:4)
  7 giant geckos
  31 orcs
  3 ball pythons
  7 bats
  5 giant cockroaches
  4 goblins
  7 hobgoblins
  8 jackals
  9 kobolds
  8 quokkas
  A giant gecko skeleton (D:4)
  6 giant newts
  A jackal skeleton (D:6)
  A quokka zombie (D:5)
  5 rats
  2 plants
231 creatures vanquished.

Vanquished Creatures (others)
  A scorpion (D:4)
  2 howler monkeys (D:4)
  An orc wizard (D:4)
  3 orcs (D:4)
7 creatures vanquished.

Grand Total: 238 creatures vanquished

Notes
Turn   | Place    | Note
--------------------------------------------------------------
     0 | D:1      | imganon the Demonspawn Berserker began the quest for the Orb.
     0 | D:1      | Reached XP level 1. HP: 18/18 MP: 1/1
   102 | D:1      | Reached skill level 3 in Axes
   410 | D:1      | Gained mutation: You are partially covered in thin metallic scales (AC +2). [demonic ancestry]
   410 | D:1      | Reached XP level 2. HP: 24/24 MP: 2/2
   981 | D:2      | Reached XP level 3. HP: 23/29 MP: 3/3
  1025 | D:2      | Found a blossoming altar of Fedhas.
  1050 | D:2      | Reached ** piety under Trog
  1316 | D:3      | Reached skill level 4 in Axes
  1365 | D:3      | Found a shattered altar of Ashenzari.
  1534 | D:3      | Reached XP level 4. HP: 15/35 MP: 4/4
  2036 | D:4      | Reached skill level 5 in Axes
  2037 | D:4      | Noticed an ogre
  2044 | D:4      | Killed an ogre
  2044 | D:4      | Reached XP level 5. HP: 22/41 MP: 5/5
  2279 | D:4      | Noticed a phantom
  2326 | D:4      | Killed a phantom
  2326 | D:4      | Reached skill level 6 in Axes
  2326 | D:4      | Gained mutation: You are mostly covered in thin metallic scales (AC +3). [demonic ancestry]
  2326 | D:4      | Reached XP level 6. HP: 46/47 MP: 6/6
  2407 | D:4      | Noticed a water moccasin
  2415 | D:4      | Killed a water moccasin
  2588 | D:4      | Found a shimmering altar of Xom.
  2661 | D:4      | Reached *** piety under Trog
  2728 | D:4      | Reached skill level 7 in Axes
  2952 | D:4      | Found a bloodstained altar of Trog.
  2970 | D:4      | Reached XP level 7. HP: 46/52 MP: 7/7
  3239 | D:4      | Reached skill level 8 in Axes
  3510 | D:4      | Found a shadowy altar of Dithmenos.
  3815 | D:5      | Entered Level 5 of the Dungeon
  3824 | D:5      | Found a deep blue altar of Sif Muna.
  4291 | D:5      | Gained mutation: You have sharp toenails. [demonic ancestry]
  4291 | D:5      | Reached XP level 8. HP: 33/58 MP: 8/8
  4748 | D:6      | Reached skill level 9 in Axes
  4818 | D:6      | Reached **** piety under Trog
  5278 | D:6      | Reached skill level 10 in Axes
  5520 | D:6      | Found an opulent altar of Gozag.
  5522 | D:6      | Found a burning altar of Makhleb.
  5891 | D:7      | Found Uninayr's Antique Weapon Boutique.
  5935 | D:7      | Found a shimmering altar of Xom.
  5989 | D:7      | Reached skill level 11 in Axes
  5989 | D:7      | Gained mutation: You regenerate a little health from kills. [demonic ancestry]
  5989 | D:7      | Reached XP level 9. HP: 53/63 MP: 9/9
  6007 | D:7      | Found a staircase to the Ecumenical Temple.
  6178 | D:7      | Found a snail-covered altar of Cheibriados.
  6209 | D:7      | Found Qiatu's General Store.
  6212 | D:7      | Bought a scroll of teleportation for 39 gold pieces
  6212 | D:7      | Bought a potion of curing for 39 gold pieces
  6402 | D:7      | Noticed Joseph
  6408 | D:7      | Killed Joseph
  6408 | D:7      | Reached ***** piety under Trog
  6541 | D:7      | Noticed Crazy Yiuf
  6545 | D:7      | Killed Crazy Yiuf
  6608 | D:8      | Noticed Grum
  6616 | D:7      | Reached skill level 12 in Axes
  6748 | D:8      | Killed Grum
  6950 | D:8      | Got a brightly glowing hand axe
  6951 | D:8      | Identified the +7 hand axe of Doashripu {elec, rPois} (You found it on level 8 of the Dungeon)
  7180 | D:8      | Received a gift from Trog
  7189 | D:8      | Found a viscous altar of Jiyva.
  7259 | D:8      | Reached skill level 13 in Axes
  7400 | D:8      | Gained mutation: You are completely covered in thin metallic scales (AC +4, rElec). [demonic ancestry]
  7400 | D:8      | Reached XP level 10. HP: 70/70 MP: 10/10
  7889 | D:9      | Found a staircase to the Lair.
  8133 | D:9      | Found Gogegg's Antique Weapon Boutique.
  8872 | Lair:1   | Entered Level 1 of the Lair of Beasts
  8884 | D:10     | Entered Level 10 of the Dungeon
  9057 | D:10     | You fall through a shaft for 3 floors!
  9058 | D:13     | Noticed a catoblepas
  9071 | D:13     | Killed a catoblepas
  9071 | D:13     | Reached skill level 14 in Axes
  9192 | D:13     | Noticed a gargoyle
  9202 | D:13     | Killed a gargoyle
  9267 | D:13     | Noticed a gargoyle
  9290 | D:13     | Killed a gargoyle
  9352 | D:13     | Noticed a brown ugly thing
  9371 | D:13     | Killed a brown ugly thing
  9371 | D:13     | Reached skill level 15 in Axes
  9371 | D:13     | Reached XP level 11. HP: 66/75 MP: 11/11
  9547 | D:13     | Found an oddly glowing altar of Pakellas.
  9581 | D:12     | You fall through a shaft for 3 floors!
  9581 | D:15     | Entered Level 15 of the Dungeon
  9592 | D:15     | HP: 3/112 [slime creature (11)]
  9595 | D:15     | HP: 1/112 [slime creature (5)]
  9598 | D:15     | Slain by a slime creature

Skill      XL: |  1  2  3  4  5  6  7  8  9 10 |
---------------+-------------------------------+-----
Axes           | 3 4 5 6 7 8 11 13 15 | 15.4
Fighting       | |  3.0
Armour         | |  1.7
Dodging        | |  1.7

Action                   |  1- 3 |  4- 6 |  7- 9 | 10-12 || total
-------------------------+-------+-------+-------+-------++-------
Melee: Hand axe          |   133 |   183 |   405 |       ||   721
       Battleaxe         |       |       |   140 |   177 ||   317
Invok: Berserk           |       |     3 |     9 |     5 ||    17
       Burn Spellbooks   |       |       |     1 |       ||     1
  Use: Scroll            |       |       |     1 |       ||     1
 Stab: Sleeping          |     1 |       |       |       ||     1
  Eat: Chunk             |     2 |     8 |    17 |     8 ||    35
       Pizza             |       |       |     2 |       ||     2
       Bread ration      |       |       |     1 |       ||     1
       Fruit             |       |       |       |     3 ||     3
Armor: Animal skin       |    14 |       |       |       ||    14
       Ring mail         |    32 |    78 |   192 |    68 ||   370
Dodge: Dodged            |    86 |    98 |   254 |   107 ||   545
